 Dungeon Crawl Stone Soup version 0.29-a0-393-g47a863cc1b (webtiles) character file.

Game seed: 18360614333665747667

74 HendSelp the Ruffian (level 4, 0/52 HPs)
             Began as a Draconian Transmuter on May 10, 2022.
             Slain by a gnoll
             ... wielding a +0 spear
              (2 damage)
             ... on level 2 of the Dungeon.
             The game lasted 00:02:02 (1396 turns).

HendSelp the Ruffian (Draconian Transmuter)         Turns: 1396, Time: 00:02:03

Health: 0/52       AC: 22    Str: 14    XL:     4   Next: 10%
Magic:  6/8        EV:  2    Int: 14    God:
Gold:   75         SH:  0    Dex: 11    Spells: 7/8 levels left

rFire   . . .      SeeInvis .     - Unarmed
rCold   . . .      Faith    .   (no shield)
rNeg    . . .      Spirit   .   (body armour unavailable)
rPois   +          Reflect  .   (helmet currently unavailable)
rElec   .          Harm     .   (cloak currently unavailable)
rCorr   .          Rampage  .   (gloves currently unavailable)
Will    .....      NoTele   +   (boots currently unavailable)
Stlth   +.........              (no amulet)
HPRegen 0.17/turn               (no ring)
MPRegen 0.11/turn               (no ring)

@: mighty, tree-form
A: stationary, stasis, torment immunity, boosted hp, AC +5, unfitting armour,
(cold-blooded)
a: no special abilities


You were on level 2 of the Dungeon.
You were a tree.
You visited 1 branch of the dungeon, and saw 2 of its levels.

You collected 75 gold pieces.

Inventory:

Armour
 d - a +1 pair of boots (melded)
Scrolls
 b - 2 scrolls of magic mapping
 e - a scroll of enchant weapon


   Skills:
 + Level 1.3 Fighting
 - Level 1.7 Dodging
 + Level 3.9 Unarmed Combat
 + Level 2.7 Spellcasting
 + Level 2.7 Transmutations


You had 7 spell levels left.
You knew the following spells:

 Your Spells              Type           Power      Damage    Failure   Level
a - Beastly Appendage     Tmut           18%        N/A       7%          1

Your spell library contained the following spells:

 Spells                   Type           Power      Damage    Failure   Level
 Wereblood                Tmut           9%         N/A       11%         2
 Spider Form              Tmut/Pois      5%         N/A       36%         3
 Ice Form                 Ice/Tmut       5%         N/A       77%         4


Dungeon Overview and Level Annotations

Branches:
Dungeon (2/15)

Altars:


Innate Abilities, Weirdness & Mutations

You are a tree.
Your roots penetrate the ground, keeping you stationary.
You cannot be teleported.
You are immune to unholy pain and torment.
Your maximum health is greatly increased.
Your equipment is partially melded.
((Your plain brown scales are hard. (AC +5)))
You cannot fit into any form of body armour.
((You are cold-blooded and may be slowed by cold attacks.))


Message History

Unknown command.
Unknown command.
Unknown command.
Your horns disappear.
Your talons disappear.
Your +1 pair of boots unmelds from your body.
You turn into a tree.
Your +1 pair of boots melds into your body.
Your roots penetrate the ground.
The gnoll hits you but does no damage.
The gnoll hits you from afar with a +0 spear.
* * * LOW HITPOINT WARNING * * *
You smack the gnoll!
You kill the gnoll!
The gnoll hits you from afar with a +0 spear.
* * * LOW HITPOINT WARNING * * *
You have reached level 4!
You feel clever.
You cannot move.
Unknown command.
Unknown command.
Unknown command.
It was a potion of might.
You feel very mighty all of a sudden. The gnoll hits you but does no damage.
Unknown command.
Unknown command.
Unknown command.
Unknown command.
Unknown command.
Unknown command.
Unknown command.
Unknown command.
Unknown command.
Unknown command.
Unknown command.
As you read the scroll labelled HOD TY VAV ATZ, it crumbles to dust.
It is a scroll of identify.
e - a scroll of enchant weapon The gnoll hits you but does no damage.
The gnoll hits you from afar with a +0 spear.
You die...

..#.#.##..#
#.###########
.....#....#
#.#
#...###..##
#.# #..##
##.# #.#
#...###..# #.
#..#.#.#.#
#.##
#..##.##.#
.g#
#........#
#)#
##....####
#♣# ####(#
##)# #.# #.[#
#.# #.##
#####.# #.#
......# #.#
#####.# #.#
#.# #.# #.#
#.#


You could see a gnoll.

Vanquished Creatures
  5 gnolls (D:2)
  4 ball pythons (D:1)
  An endoplasm (D:1)
  2 goblins (D:1)
  5 hobgoblins
  4 kobolds (D:1)
  A quokka (D:1)
  A bat (D:1)
  2 frilled lizards (D:1)
  2 rats
27 creatures vanquished.

Notes
Turn   | Place    | Note
-------+----------+-------------------------------------------
     0 | D:1      | HendSelp the Draconian Transmuter began the quest for the
                  | Orb.
     0 | D:1      | Reached XP level 1. HP: 16/16 MP: 3/3
   194 | D:1      | Found a faded altar of an unknown god.
   212 | D:1      | Reached XP level 2. HP: 23/23 MP: 3/5
   887 | D:2      | Reached XP level 3. HP: 26/28 MP: 6/6
  1393 | D:2      | HP: 1/42 [gnoll/+0 spear (4)]
  1394 | D:2      | Reached XP level 4. HP: 1/35 MP: 6/8
  1396 | D:2      | Slain by a gnoll

Illustrated notes

Levels and vault maps discovered:
D:1:      minmay_arrival_four_houses, layout_basic, basic_ecumenical_altar
D:2:      layout_loops_ring, basic_altar

Action                   |  1- 3 |  4- 6 || total
-------------------------+-------+-------++-------
Melee: Unarmed           |    96 |       ||    96
       Kick              |     5 |       ||     5
       Headbutt          |     3 |       ||     3
       Tailslap          |    11 |       ||    11
       Punch             |     4 |       ||     4
 Cast: Beastly Appendage |    10 |       ||    10
  Use: Scroll            |     4 |     1 ||     5
       Potion            |     1 |     1 ||     2
Armor: Skin              |    25 |     2 ||    27
Dodge: Dodged            |    52 |       ||    52

Table legend: (Time is in decaauts)
 A = Elapsed time spent in this place.
 B = Non-inter-level travel time spent in this place.
 C = Inter-level travel time spent in this place.
 D = Time resting spent in this place.
 E = Time spent auto-exploring this place.
 F = Levels seen in this place.
 G = Mean time per level.
                   A        B        C        D        E       F      G
               +--------+--------+--------+--------+--------+-----+--------+
         Total |   1389 |   1382 |      7 |    110 |   1063 |   2 |  694.5 |
       Dungeon |   1389 |   1382 |      7 |    110 |   1063 |   2 |  694.5 |
               +--------+--------+--------+--------+--------+-----+--------+

Top non-repeatable levels by time:
     D:1: 821 daAuts
     D:2: 567 daAuts
